 Dungeon Crawl Stone Soup version 0.18.1-50-g88ac8fd (webtiles) character file.

17994 Gargoyl the Corrupter of Planes (level 12, -11/92 HPs)
             Began as a Demonspawn Abyssal Knight on Sept 23, 2016.
             Was the Champion of Lugonu.
             Mangled by a boulder beetle (24 damage)
             ... on level 3 of the Lair of Beasts.
             The game lasted 00:32:24 (14435 turns).

Gargoyl the Corrupter of Planes (DsAK)             Turns: 14435, Time: 00:32:24

Health: -11/92     AC: 20    Str: 16    XL:     12   Next: 23%
Magic:  0/23       EV:  9    Int: 15    God:    Lugonu [******]
Gold:   652        SH:  9    Dex: 13    Spells: 0 memorised, 11 levels left

rFire  . . .     SeeInvis +     k - +5 war axe
rCold  . . .     Gourm    .     w - +0 plate armour
rNeg   . . .     Faith    +     n - +0 shield
rPois  +         Spirit   +     t - +2 helmet
rElec  .         Dismiss  .     m - +2 cloak
rCorr  .         Reflect  .     e - +2 pair of gloves
SustAt .         Harm     .     (boots unavailable)
MR     .....                    p - amulet of faith
Stlth  ..........               B - ring of poison resistance
                                K - ring of see invisible

@: repel missiles, not resistant to hostile enchantments, extremely unstealthy
A: hooves 3, repulsion field 3, deformed body, foul stench 1, high mp 1, magic
shield, rot immunity
a: Depart the Abyss, Bend Space, Banish, Corrupt, Enter the Abyss, Brand Weapon
With Distortion, Renounce Religion


You were on level 3 of the Lair of Beasts.
You worshipped Lugonu.
Lugonu was exalted by your worship.
You were not hungry.

You visited 2 branches of the dungeon, and saw 12 of its levels.
You visited the Abyss 1 time.
You also visited: Labyrinth.

You collected 652 gold pieces.

Inventory:

Hand Weapons
 k - a +5 war axe (weapon)
Missiles
 a - 8 tomahawks (quivered)
Armour
 e - a +2 pair of gloves (worn)
 m - a +2 cloak (worn)
 n - a +0 shield (worn)
 t - a +2 helmet (worn)
 w - a +0 plate armour (worn)
Rods
 o - a +2 rod of ignition (10/10)
   (You took it off a minotaur in a labyrinth)
Jewellery
 p - an amulet of faith (around neck)
 u - the ring "Duwom" {rElec rN+ MR+, unknown}
   (You took it off a minotaur in a labyrinth)

   [ring of protection from magic]

   It insulates you from electricity.
   It protects you from negative energy.
   It affects your resistance to hostile enchantments.
 y - an uncursed ring of flight
 B - a ring of poison resistance (right hand)
 K - a ring of see invisible (left hand)
 L - an uncursed amulet of harm {unknown}
 M - the ring of Xom's Wantonness {MR++ Dex+4, unknown}
   (You found it in a labyrinth)

   [ring of dexterity]

   It affects your dexterity (+4).
   It affects your resistance to hostile enchantments.
Wands
 b - a wand of slowing (7/48)
 r - a wand of disintegration (24/24)
 x - a wand of flame (23/48)
 z - a wand of flame (21/48)
 C - a wand of iceblast (4/15)
 I - a wand of enslavement (16/24)
 J - a wand of acid (7/15)
 Q - a wand of paralysis (12/24)
Scrolls
 i - 5 scrolls of teleportation
 l - a scroll of magic mapping
 s - 8 scrolls of remove curse
 G - a scroll of fear
 H - 4 scrolls of fog
 R - a scroll of blinking
 T - a scroll of silence {unknown}
 V - a scroll of identify
 X - a scroll of amnesia
Potions
 q - a potion of haste
 A - 4 potions of brilliance {unknown}
 D - a potion of curing
 E - a potion of might
 F - a potion of degeneration
 W - a potion of flight
Books
 N - a book of the Warp

   Spells                             Type                      Level
   a - Recall                         Summoning/Translocation      3
   b - Gell's Gravitas                Hexes/Translocation          3
   c - Force Lance                    Conjuration/Translocation    4
   d - Warp Weapon                    Charms/Translocation         5
   e - Summon Forest                  Summoning/Translocation      5
 O - a book of Clouds

   Spells                             Type                      Level
   a - Mephitic Cloud                 Conjuration/Poison/Air       3
   b - Conjure Flame                  Conjuration/Fire             3
   c - Poisonous Cloud                Conjuration/Poison/Air       6
   d - Freezing Cloud                 Conjuration/Ice/Air          6
   e - Ring of Flames                 Charms/Fire                  7
 P - a Fen Folio

   Spells                             Type                      Level
   a - Corpse Rot                     Necromancy                   2
   b - Stone Arrow                    Conjuration/Earth            3
   c - Leda's Liquefaction            Hexes/Earth                  4
   d - Summon Forest                  Summoning/Translocation      5
   e - Hydra Form                     Transmutation                6
   f - Summon Hydra                   Summoning                    7
 S - a book of Debilitation

   Spells                             Type                      Level
   a - Corona                         Hexes                        1
   b - Slow                           Hexes                        2
   c - Gell's Gravitas                Hexes/Translocation          3
   d - Inner Flame                    Hexes/Fire                   3
   e - Cause Fear                     Hexes                        4
   f - Leda's Liquefaction            Hexes/Earth                  4
Miscellaneous
 d - a sack of spiders {used: 6}
 h - an ornate deck of defence {drawn: 3}
Comestibles
 c - 7 bread rations
 f - 4 royal jellies
 g - 3 slices of pizza
 j - 5 meat rations
 v - a beef jerky
 U - 17 fruits


   Skills:
 + Level 8.1 Fighting
 + Level 7.6 Axes
 + Level 3.3 Throwing
 * Level 11.1 Armour
 + Level 5.8 Dodging
 + Level 4.1 Shields
 * Level 12.0 Invocations
 + Level 4.1 Evocations


You had 11 spell levels left.
You didn't know any spells.

Dungeon Overview and Level Annotations

Branches:
Dungeon (9/15)             Temple (0/1) D:4            Lair (3/8) D:8
  Swamp: Lair:3-6    Shoals: Lair:3-6     Snake: Lair:3-6    Spider: Lair:3-6
    Orc: D:9-12

Altars:
Cheibriados
Nemelex Xobeh
Okawaru
Qazlal
Trog
Vehumet
Yredelemnul

Shops:
D:9 (

Annotations:
Lair:1 exclusion: oklob plant


Innate Abilities, Weirdness & Mutations

You have hooves in place of feet.
You are surrounded by a strong repulsion field (EV +4, rMsl).
You may emit foul miasma when damaged in melee.
When hurt, damage is shared between your health and your magic reserves.
You are immune to rotting.
Armour fits poorly on your strangely shaped body.
You have an increased reservoir of magic (+10% MP).


Message History

The black mamba seems to slow down.
You kill the black mamba!
Lugonu accepts your kill.
Your Invocations skill increases to level 12!
The boulder beetle curls into a ball and starts rolling!
A giant frog comes into view.
You see here a black mamba corpse.
The giant frog croaks.
You hit the boulder beetle but do no damage.
Your kick misses the boulder beetle.
The boulder beetle is heavily wounded.
You hit the plant.
The plant is lightly damaged.
The boulder beetle smashes into you!
* * * LOW HITPOINT WARNING * * *
The boulder beetle stops rolling.
Drink which item? (? for menu, Esc to quit)
You feel better. You block the giant frog's attack.
The boulder beetle bites you!!
You die...

,,,,,,,,,,,,,,,*** *,,,,,,,,**
,,,,,,,,,,,...#..###...,,,,,,*
,,,,,,,,,,,,.....>....#*,*,,**
,,,,,,,,,,,,,.........#,*,*,*****
,,,,,,<,,,,,,,........##**,,,**,*
.......,,,,,,,,........# *,,,,...
......##,**,*,,#......#* *,,,,...
......P**,***,##F.....# *,,,,...
......##*** **#.@....<###*,,,,...
.......# #PB........,,,,,...
......##
#######.ยง.......,,,,,...
......P###.##.##.........,,,,,,,,
..................#....##,,,*,,*,
...P#.............#......*,,,***,
.#..#..(..#######........*,,,**,,
.#..#...#.# #........*,,,***,
....#...### *#........*,,***,P


You could see a boulder beetle and a giant frog.

Vanquished Creatures
  A minotaur (Lab)
  A hill giant (D:9)
  3 black mambas
  A cyclops (D:9)
  Psyche (D:7)
  3 spiny frogs
  2 trolls
  A polar bear (Lair:3)
  2 shadows (Lab)
  A wyvern (Lair:1)
  6 yaks (Lair:3)
  8 humans (D:7)
  3 sky beasts
  Menkaure (D:6)
  A basilisk (Lair:2)
  4 hippogriffs
  Edmund (D:6)
  4 water moccasins
  5 porcupines
  An orc warrior (D:8)
  An ice beast (D:5)
  A wasp (D:7)
  A phantom (D:4)
  A necrophage (D:5)
  An ogre (D:8)
  The ghost of Gargoyl the Skirmisher, an amateur DsAK of Lugonu (D:3)
  3 wolves (Lair:3)
  10 centaurs
  6 crocodiles
  A big kobold (D:9)
  5 giant frogs
  A gnoll sergeant (D:8)
  3 scorpions
  22 killer bees
  4 howler monkeys (D:9)
  6 wights (D:9)
  2 electric eels (D:8)
  2 crimson imps (D:5)
  12 hounds
  A quasit (D:9)
  3 giant frog zombies
  8 jellies
  An orc priest (D:6)
  9 iguanas
  2 orc wizards
  7 worker ants
  14 sheep
  A hound zombie (D:9)
  2 hound skeletons
  A howler monkey zombie (D:7)
  8 adders
  6 gnolls
  25 river rats
  14 oozes
  An adder skeleton (D:3)
  A worm (D:4)
  3 dart slugs
  A giant gecko (D:4)
  16 orcs
  2 giant cockroaches
  5 goblins
  4 hobgoblins
  9 jackals
  7 kobolds
  3 quokkas
  2 ball pythons
  4 bats
  9 giant newts
  A quokka zombie (D:6)
  7 rats
  2 fungi
312 creatures vanquished.

Vanquished Creatures (collateral kills)
  Pikel (D:4)
  Sigmund (D:5)
  Eustachio (D:4)
  2 worker ants
  A worm (D:2)
  2 giant geckos (D:2)
  2 giant cockroaches (D:4)
  A quokka (D:6)
11 creatures vanquished.

Vanquished Creatures (others)
  2 hydras
  2 slaves (D:5)
  2 ogres
  3 electric eels (D:8)
  8 goblins (D:5)
  5 fungi (Lair:1)
22 creatures vanquished.

Grand Total: 345 creatures vanquished

Notes
Turn   | Place    | Note
--------------------------------------------------------------
     0 | Abyss:1  | Gargoyl the Demonspawn Abyssal Knight began the quest for the Orb.
     0 | Abyss:1  | Reached XP level 1. HP: 18/18 MP: 2/2
     1 | Abyss:1  | Found a corrupted altar of Lugonu.
   100 | Abyss:2  | Noticed a small abomination
   111 | D:1      | Escaped the Abyss
   322 | D:1      | Gained mutation: You are surrounded by a mild repulsion field (EV +2). [demonic ancestry]
   322 | D:1      | Reached XP level 2. HP: 20/24 MP: 3/3
   541 | D:1      | Reached * piety under Lugonu
   872 | D:2      | Reached skill level 1 in Dodging
  1014 | D:2      | Found a bloodstained altar of Trog.
  1137 | D:2      | Found an iron altar of Okawaru.
  1333 | D:2      | Gained mutation: You have large cloven feet. [demonic ancestry]
  1333 | D:2      | Reached XP level 3. HP: 7/29 MP: 4/4
  1562 | D:3      | Noticed Gargoyl's ghost (amateur DsAK)
  1805 | D:3      | You fall through a shaft for 2 floors!
  1805 | D:5      | Entered Level 5 of the Dungeon
  1811 | D:5      | Noticed a scorpion
  1820 | D:5      | Killed a scorpion
  1845 | D:5      | Reached skill level 3 in Invocations
  1845 | D:5      | Gained mutation: You have hoof-like feet. [demonic ancestry]
  1845 | D:5      | Reached XP level 4. HP: 18/36 MP: 6/6
  2282 | D:4      | Noticed Eustachio
  2291 | D:4      | Killed Eustachio
  2291 | D:4      | Gained mutation: You are immune to rotting. [demonic ancestry]
  2291 | D:4      | Reached XP level 5. HP: 40/42 MP: 7/7
  2471 | D:4      | Found a staircase to the Ecumenical Temple.
  2522 | D:4      | Reached ** piety under Lugonu
  2523 | D:4      | Reached skill level 4 in Invocations
  2636 | D:4      | Noticed a phantom
  2683 | D:4      | Killed a phantom
  2683 | D:4      | Gained mutation: You may emit foul miasma when damaged in melee. [demonic ancestry]
  2683 | D:4      | Reached XP level 6. HP: 43/48 MP: 9/9
  2909 | D:4      | Found a snail-covered altar of Cheibriados.
  3342 | D:3      | Killed Gargoyl's ghost
  3353 | D:3      | Gained mutation: You have hooves in place of feet. [demonic ancestry]
  3353 | D:3      | Reached XP level 7. HP: 50/54 MP: 10/10
  3362 | D:3      | Found a faded altar to an unknown god.
  3660 | D:3      | Found a stormy altar of Qazlal.
  3660 | D:3      | Found a basalt altar of Yredelemnul.
  3848 | D:5      | Noticed Pikel
  3880 | D:4      | Killed Pikel
  3880 | D:4      | Reached skill level 5 in Armour
  3880 | D:4      | Reached skill level 5 in Invocations
  3880 | D:4      | Reached skill level 1 in Evocations
  4013 | D:5      | Gained mutation: You are surrounded by a moderate repulsion field (EV +3). [demonic ancestry]
  4013 | D:5      | Reached XP level 8. HP: 13/61 MP: 12/12
  4557 | D:5      | Noticed Sigmund
  4609 | D:5      | Killed Sigmund
  5040 | D:5      | Gained mutation: You are agile. (Dex +2) [potion of mutation]
  5040 | D:5      | Gained mutation: Your natural rate of healing is unusually fast. [potion of mutation]
  5040 | D:5      | Gained mutation: Your muscles are strong. (Str +2) [potion of mutation]
  5045 | D:5      | Reached skill level 5 in Axes
  5045 | D:5      | Reached skill level 5 in Dodging
  5045 | D:5      | Reached skill level 9 in Invocations
  5045 | D:5      | Reached XP level 9. HP: 21/69 MP: 12/15
  5061 | D:5      | Gained mutation: You have an increased reservoir of magic (+10% MP). [mutagenic meat]
  5470 | D:5      | Gained mutation: Armour fits poorly on your strangely shaped body. [mutagenic meat]
  5471 | D:5      | Gained mutation: You have very sharp teeth. [mutagenic meat]
  5710 | D:6      | Noticed Menkaure
  5725 | D:6      | Killed Menkaure
  5760 | D:6      | Noticed Edmund
  5772 | D:6      | Killed Edmund
  5772 | D:6      | Reached *** piety under Lugonu
  6235 | D:6      | Found a radiant altar of Vehumet.
  6320 | D:6      | Got a steaming rapier
  6326 | D:6      | Identified the cursed +3 rapier of Turmoil {pierce, -Tele rF+ Int+4 Dex+3} (You found it on level 6 of the Dungeon)
  6779 | D:7      | Noticed Psyche
  6826 | D:7      | Gained mutation: When hurt, damage is shared between your health and your magic reserves. [demonic ancestry]
  6826 | D:7      | Reached XP level 10. HP: 54/77 MP: 19/19
  6915 | D:7      | Reached **** piety under Lugonu
  6915 | D:7      | Reached skill level 10 in Invocations
  6928 | D:7      | Killed Psyche
  8311 | D:8      | Reached skill level 1 in Shields
  8442 | D:8      | Found a staircase to the Lair.
  9859 | D:9      | Found Ithued's Weapon Boutique.
  9913 | D:9      | Noticed a cyclops
  9927 | D:9      | Killed a cyclops
  9927 | D:9      | Gained mutation: You are surrounded by a strong repulsion field (EV +4, rMsl). [demonic ancestry]
  9927 | D:9      | Reached XP level 11. HP: 50/83 MP: 12/20
 10070 | D:9      | Reached ***** piety under Lugonu
 10238 | D:9      | Found a sparkling altar of Nemelex Xobeh.
 10566 | D:9      | Reached skill level 10 in Armour
 10683 | D:9      | Noticed a hill giant
 10694 | D:9      | Killed a hill giant
 11155 | Lair:1   | Entered Level 1 of the Lair of Beasts
 11155 | Lair:1   | Noticed a seven-headed hydra
 11156 | Lair:1   | Banished a seven-headed hydra
 11517 | Lair:1   | Noticed an oklob plant
 11528 | Lair:1   | Reached skill level 11 in Invocations
 11810 | Lair:1   | Reached ****** piety under Lugonu
 12496 | Lair:2   | Noticed a five-headed hydra
 12497 | Lair:2   | Noticed a six-headed hydra
 12497 | Lair:2   | Banished a five-headed hydra
 12501 | Lair:2   | Banished a six-headed hydra
 13318 | Lair:3   | Found a labyrinth entrance.
 13327 | Lab      | Entered a labyrinth
 13550 | Lab      | Reached XP level 12. HP: 75/92 MP: 17/22
 13804 | Lab      | Noticed a minotaur
 13809 | Lab      | Lost mutation: You are agile. (Dex +2) [potion of cure mutation]
 13809 | Lab      | Lost mutation: Your muscles are strong. (Str +2) [potion of cure mutation]
 13809 | Lab      | Lost mutation: You have very sharp teeth. [potion of cure mutation]
 13809 | Lab      | Lost mutation: Your natural rate of healing is unusually fast. [potion of cure mutation]
 13812 | Lab      | Killed a minotaur
 13814 | Lab      | Got a warped wooden ring
 13818 | Lab      | Got a wavering lapis lazuli ring
 14432 | Lair:3   | Reached skill level 12 in Invocations
 14435 | Lair:3   | Mangled by a boulder beetle

Skill      XL: |  1  2  3  4  5  6  7  8  9 10 11 12 |
---------------+-------------------------------------+-----
Axes           | 2 3 5 6 7 |  7.6
Armour         | 2 3 4 5 8 9 10 11 | 11.1
Dodging        | 1 2 3 5 |  5.8
Invocations    | 3 4 5 9 10 11 12 | 12.0
Fighting       | 4 6 7 8 |  8.1
Evocations     | 1 4 |  4.1
Throwing       | 3 |  3.3
Shields        | 1 3 4 |  4.1

Action                   |  1- 3 |  4- 6 |  7- 9 | 10-12 || total
-------------------------+-------+-------+-------+-------++-------
Melee: Hand axe          |    88 |   123 |   300 |       ||   511
       Kick              |     6 |    36 |    92 |   219 ||   353
       War axe           |       |       |    66 |   769 ||   835
       Bite              |       |       |    13 |    82 ||    95
Throw: Tomahawk          |       |       |       |     6 ||     6
Invok: Depart the Abyss  |     1 |       |       |       ||     1
       Bend Space        |       |       |     1 |     1 ||     2
       Banish            |       |       |       |     9 ||     9
 Abil: Evoke Flight      |       |       |       |     2 ||     2
Evoke: Sack of spiders   |     3 |     2 |     4 |       ||     9
       Deck              |     2 |       |     1 |       ||     3
       Wand              |       |     6 |       |       ||     6
  Use: Scroll            |       |     3 |    23 |     9 ||    35
       Potion            |       |       |    11 |    12 ||    23
 Stab: Distracted        |     2 |       |     1 |       ||     3
       Held in net/web   |       |       |     1 |       ||     1
  Eat: Chunk             |     3 |     4 |    12 |    16 ||    35
       Bread ration      |       |       |     1 |     1 ||     2
       Fruit             |       |       |       |     7 ||     7
       Meat ration       |       |       |       |     1 ||     1
Armor: Leather armour    |    33 |     2 |       |       ||    35
       Ring mail         |       |    23 |       |       ||    23
       Scale mail        |       |    27 |   194 |    74 ||   295
       Skin              |       |       |     2 |       ||     2
       Plate armour      |       |       |       |   491 ||   491
Dodge: Dodged            |    54 |    95 |   239 |   489 ||   877
       Deflected         |       |       |       |    22 ||    22
Block: Shield            |       |       |     7 |   494 ||   501
